 Dungeon Crawl Stone Soup version 0.28-b1-1-g3c77fb2ed1 (webtiles) character file.

Game seed: 7426819442808926512

154 H0rd4k the Charlatan (level 5, -6/37 HPs)
             Began as a Human Artificer on Jan 27, 2022.
             Mangled by a gnoll (7 damage)
             ... on level 4 of the Dungeon on Jan 28, 2022.
             The game lasted 00:02:38 (3402 turns).

H0rd4k the Charlatan (Human Artificer)              Turns: 3402, Time: 00:02:39

Health: -6/37      AC:  3    Str: 13 (14) XL:     5   Next: 63%
Magic:  5/5        EV:  6    Int: 10 (11) God:
Gold:   112        SH:  0    Dex: 13 (14) Spells: 4/4 levels left

rFire   x . .      SeeInvis .   m - +5 quarterstaff "Orb Guardian's Doom" {drain, rN++ rCorr Stlth+}
rCold   + . .      Faith    .   (shield currently unavailable)
rNeg    + + .      Spirit   .   b - +0 leather armour
rPois   .          Reflect  .   (no helmet)
rElec   .          Harm     .   (no cloak)
rCorr   +          Rampage  .   (no gloves)
Will    .....                   (no boots)
Stlth   ++........              (no amulet)
HPRegen 0.12/turn               h - ring of wizardry
MPRegen 0.09/turn               o - ring of ice

@: held
A: no striking features
a: no special abilities


You were on level 4 of the Dungeon.
You visited 1 branch of the dungeon, and saw 4 of its levels.

You collected 112 gold pieces.

Inventory:

Hand Weapons
 a - a +0 club
 m - the +5 quarterstaff "Orb Guardian's Doom" (weapon) {drain, rN++ rCorr Stlth+}
   (You found it on level 2 of the Dungeon)

   A truly terrible weapon, it drains the life of any living foe it strikes.
   rN:        It greatly protects you from negative energy.
   rCorr:     It protects you from acid and corrosion.
   Stlth:     It makes you more stealthy.
Armour
 b - a +0 leather armour (worn)
Jewellery
 h - a ring of wizardry (left hand)
 o - a ring of ice (right hand)
Wands
 c - a wand of flame (13) (quivered)
 d - a wand of charming (15)
Scrolls
 f - 2 scrolls of amnesia {unknown}
 g - a scroll of enchant armour {unknown}
 j - a scroll of acquirement {unknown}
 n - a scroll of identify {unknown}
 p - a scroll of teleportation {unknown}
Potions
 k - a potion of heal wounds {unknown}
Miscellaneous
 e - a piece from Xom's chessboard (15/15)


   Skills:
 + Level 1.6 Fighting
 + Level 2.1 Staves
 - Level 2.0 Armour
 + Level 1.8 Dodging
 - Level 1.0 Stealth
 + Level 4.8 Evocations


You had 4 spell levels left.
You didn't know any spells.
Your spell library contained the following spells:

 Spells                   Type           Power      Damage    Failure   Level
 Airstrike                Air            0%         N/A       86%         4
 Summon Lightning Spire   Summ/Air       0%         N/A       86%         4
 Lightning Bolt           Conj/Air       0%         1d11      99%         5


Dungeon Overview and Level Annotations

Branches:
Dungeon (4/15)
 Temple: D:4-7

Altars:


Message History

There is a stone staircase leading down here.
You climb downwards.
The gnoll shouts!
You hear a shout!
Found 20 gold pieces and a leather armour.
There is a stone staircase leading up here.
There are monsters nearby!
There are monsters nearby!
There are monsters nearby!
There are monsters nearby!
The hobgoblin shouts!
You hit the hobgoblin.
You kill the hobgoblin!
You hear a shout! x2
You thump the gnoll! You drain the gnoll.
You kill the gnoll!
A gnoll comes into view. It is wielding a +0 spear.
The gnoll hits you but does no damage.
A gnoll comes into view. It is wielding a +0 flail.
You see here 8 gold pieces.
You barely miss the gnoll. The gnoll hits you with a +0 spear.
There are monsters nearby!
You closely miss the gnoll. The gnoll hits you with a +0 spear. x2
You barely miss the gnoll. The gnoll hits you with a +0 spear!
The gnoll hits you with a +0 flail.
You are too injured to fight recklessly!
A gnoll comes into view. It is wielding a +0 flail.
The gnoll closely misses you. x2
The gnoll throws a throwing net.
The throwing net hits you.
You become entangled in the net!
A ball python comes into view.
You see here a throwing net.
You struggle against the net.
The gnoll hits you from afar with a +0 spear.
* * * LOW HITPOINT WARNING * * *
You can't go up here!
You struggle against the net.
The gnoll hits you from afar with a +0 spear!
* * * LOW HITPOINT WARNING * * *
The gnoll hits you with a +0 flail!
You die...

########
#......#
#......#
#....[.#
#......###
#<........
#@g...$###
#.)....#
#g.....#
#........#
...#.####g...
#... .. .....
### ... .....
#.S. ....
....


You could see 3 gnolls and a ball python (wandering).

Vanquished Creatures
  Terence (D:2)
  Robin (D:3)
  2 adders
  A gnoll (D:4)
  7 dart slugs (D:3)
  A worm (D:2)
  4 orcs (D:3)
  4 ball pythons
  6 bats
  4 endoplasms
  12 goblins
  13 hobgoblins
  3 quokkas
  A frilled lizard (D:3)
  2 kobolds (D:3)
  4 rats
66 creatures vanquished.

Notes
Turn   | Place    | Note
-------+----------+-------------------------------------------
     0 | D:1      | H0rd4k the Human Artificer began the quest for the Orb.
     0 | D:1      | Reached XP level 1. HP: 15/15 MP: 1/1
   190 | D:1      | Found a faded altar of an unknown god.
   321 | D:1      | Reached XP level 2. HP: 21/21 MP: 2/2
  1261 | D:2      | Reached XP level 3. HP: 26/26 MP: 3/3
  1335 | D:2      | Identified the +5 quarterstaff "Orb Guardian's Doom"
                  | {drain, rN++ rCorr Stlth+}
  1455 | D:2      | Noticed Terence
  1462 | D:2      | Killed Terence
  1463 | D:2      | Reached skill level 4 in Evocations
  1463 | D:2      | Reached XP level 4. HP: 17/32 MP: 4/4
  2311 | D:3      | Reached XP level 5. HP: 18/37 MP: 5/5
  2656 | D:3      | Reached skill level 1 in Staves
  2991 | D:3      | Noticed Robin
  3031 | D:3      | Killed Robin
  3402 | D:4      | HP: 1/37 [gnoll (8)]
  3402 | D:4      | Mangled by a gnoll

Illustrated notes

Levels and vault maps discovered:
D:1:      lightli_iron_boxes, layout_loops_cross, basic_ecumenical_altar
D:2:      layout_basic, uniq_terence
D:3:      kennysheep_slugbush, layout_basic, uniq_robin
D:4:      layout_rooms, corexii_shack

Skill      XL: |  1  2  3  4  5 |
---------------+----------------+-----
Evocations     | 4 |  4.8
Staves         | 2 |  2.1
Fighting       | |  1.6
Armour         | |  2.0
Dodging        | |  1.8
Stealth        | |  1.0

Action                   |  1- 3 |  4- 6 || total
-------------------------+-------+-------++-------
Melee: Club              |    85 |       ||    85
       Punch             |     2 |       ||     2
       Quarterstaff      |     3 |    88 ||    91
Evoke: Wand              |     2 |       ||     2
  Use: Potion            |       |     2 ||     2
 Stab: Sleeping          |     2 |     4 ||     6
Armor: Leather armour    |    27 |    24 ||    51
Dodge: Dodged            |    76 |    63 ||   139
